 Dungeon Crawl Stone Soup version 0.29-a0-732-g3d7fbe0af2 (webtiles) character file.

Game seed: 278088754592330833

856 Mgcat the Trooper (level 8, -4/83 HPs)
             Began as an Ogre Fighter on June 29, 2022.
             Was an Initiate of Okawaru.
             Succumbed to an orc wizard's poison
             ... on level 5 of the Dungeon.
             The game lasted 00:07:24 (6436 turns).

Mgcat the Trooper (Ogre Fighter)                    Turns: 6436, Time: 00:07:24

Health: -4/83      AC:  6    Str: 23    XL:     8   Next: 2%
Magic:  9/9        EV: 14    Int:  9    God:    Okawaru [......]
Gold:   113        SH:  9    Dex: 14    Spells: 7/7 levels left

rFire   . . .      SeeInvis .   a - +0 war axe
rCold   . . .      Faith    .   c - +0 kite shield
rNeg    . . .      Spirit   .   t - +1 robe {Will+}
rPois   .          Reflect  .   (helmet restricted)
rElec   .          Harm     .   z - +0 cloak
rCorr   .          Rampage  .   (gloves unavailable)
Will    +....                   (boots unavailable)
Stlth   +.........              (no amulet)
HPRegen 0.23/turn               m - +4 ring of evasion
MPRegen 0.11/turn               r - +6 ring of dexterity

@: lethally poisoned (-4 -> -47)
A: large, unfitting armour, tough skin 1, claws 1, iridescent scales 1, deformed
body
a: Renounce Religion


You were on level 5 of the Dungeon.
You worshipped Okawaru.
Okawaru was noncommittal.
You visited 2 branches of the dungeon, and saw 7 of its levels.

You collected 198 gold pieces.
You spent 85 gold pieces at shops.

Inventory:

Hand Weapons
 a - a +0 war axe (weapon)
Armour
 c - a +0 kite shield (worn)
 t - a +1 robe of willpower (worn)
   (You bought it in a shop on level 4 of the Dungeon)
 z - a +0 cloak (worn)
   (You found it on level 6 of the Dungeon)
Jewellery
 m - a +4 ring of evasion (left claw)
   (You found it on level 2 of the Dungeon)
 p - a +6 ring of intelligence
   (You found it on level 3 of the Dungeon)
 r - a +6 ring of dexterity (right claw)
   (You found it on level 4 of the Dungeon)
 y - a ring of resist corrosion
   (You found it on level 5 of the Dungeon)
Scrolls
 b - a scroll of noise {unknown}
 f - 3 scrolls of fear
 h - 4 scrolls of summoning {unknown}
 j - a scroll of identify
 l - 4 scrolls of teleportation
 n - 2 scrolls of enchant armour {unknown}
 o - 2 scrolls of acquirement {unknown}
 u - 2 scrolls of amnesia {unknown}
 v - 4 scrolls of magic mapping {unknown}
 w - 2 scrolls of immolation {unknown}
Potions
 d - a potion of magic {unknown}
 e - a potion of mutation {!q}
 g - 2 potions of haste
 i - 2 potions of curing
 k - 2 potions of heal wounds
 q - a potion of invisibility
 s - 2 potions of cancellation
 x - 2 potions of brilliance {unknown}


   Skills:
 + Level 6.3 Fighting
 * Level 5.6 Axes
 + Level 4.3 Dodging
 + Level 4.7 Shields
 + Level 2.2 Invocations


You had 7 spell levels left.
You didn't know any spells.
Your spell library contained the following spells:

 Spells                   Type           Power      Damage    Failure   Level
 Dazzling Flash           Conj/Hex       0%         N/A       95%         3
 Agony                    Necr           0%         N/A       100%        5
 Silence                  Hex/Air        0%         N/A       100%        5
 Conjure Ball Lightning   Conj/Air       0%         3x3d6     100%        6
 Eringya's Noxious Bog    Tmut/Pois      0%         N/A       100%        6
 Discord                  Hex            0%         N/A       100%        8
 Disjunction              Tloc           0%         N/A       100%        8
 Summon Small Mammal      Summ           Unusable   N/A       N/A         1
 Call Canine Familiar     Summ           Unusable   N/A       N/A         3
 Summon Guardian Golem    Hex/Summ       Unusable   N/A       N/A         3
 Summon Forest            Summ/Tloc      Unusable   N/A       N/A         5
 Summon Hydra             Summ           Unusable   N/A       N/A         7

Dungeon Overview and Level Annotations

Branches:
Dungeon (6/15)             Temple (1/1) D:5

Altars:
Ashenzari
Dithmenos
Fedhas
Gozag
Hepliaklqana
Kikubaaqudgha
Makhleb
Nemelex Xobeh
Okawaru
Sif Muna
Trog
Uskayaw
Vehumet
Wu Jian
Yredelemnul

Shops:
D:4 [


Innate Abilities, Weirdness & Mutations

You are too large for most types of armour.
You have tough skin. (AC +1)
You have sharp fingernails.
You are partially covered in iridescent scales. (AC +2)
Armour fits poorly on your strangely shaped body.


Message History

* * * LOW HITPOINT WARNING * * *
You block the bullfrog's attack.
You take 5 damage, and have 13/75 hp.
You slash the bullfrog!
The bullfrog is almost dead.
The bullfrog closely misses you.
The bullfrog hits you but does no damage.
You slash the bullfrog!
You kill the bullfrog!
Okawaru accepts your kill.
You start resting.
HP restored.
You regained 49 hp, and now have 63/75 hp.
You start resting.
HP restored.
Health restored: 75 You start putting on your armour.
You continue putting on your +0 cloak. x4
You finish putting on your +0 cloak.
You climb downwards.
There is a stone staircase leading up here.
Warning x2: The orc wizard might cast Slow, Confuse, Throw Flame, Throw Frost, or go Invisible!
The orc priest can smite you!
Warning x2: The orc wizard might cast Slow, Confuse, Throw Flame, Throw Frost, or go Invisible!
The orc priest can smite you!
You completely miss the orc wizard.
The orc priest mumbles some strange prayers to Beogh against you.
Beogh smites you! You block the orc wizard's attack.
You take 14 damage, and have 61/75 hp.
Warning x2: The orc wizard might cast Slow, Confuse, Throw Flame, Throw Frost, or go Invisible!
The orc priest can smite you!
You slash the orc wizard!
The orc wizard is almost dead.
The orc priest calls upon Beogh to heal the orc wizard.
The orc wizard is healed somewhat.
You hear a shout!
Warning x2: The orc wizard might cast Slow, Confuse, Throw Flame, Throw Frost, or go Invisible!
The orc priest can smite you!
You hit the orc wizard.
The orc wizard is severely wounded.
The orc wizard mumbles some strange words.
The orc wizard flickers and vanishes!
Deactivating autopickup; reactivate with Ctrl-A.
The orc priest mumbles some strange prayers to Beogh against you.
You easily resist.
You block something's attack.
Spoiler Alert: The orc priest can smite you!
The orc priest hits you with a +0 war axe.
Something hits you.
You are poisoned.
You take 7 damage, and have 54/75 hp.
You are too injured to fight recklessly!
You are too injured to fight recklessly!
Spoiler Alert: The orc priest can smite you!
You are too injured to fight recklessly!
You are too injured to fight recklessly!
You hit the orc priest.
The orc priest is moderately wounded.
You miss something.
You feel very sick. You block the orc priest's attack.
Something hits you but does no damage.
You are more poisoned.
You take 4 damage, and have 50/75 hp.
Spoiler Alert: The orc priest can smite you!
You slash the orc priest!
You kill the orc priest!
Okawaru accepts your kill.
You miss something.
You feel very sick. You block something's attack.
You have reached level 8!
MP restored: 9 You barely miss something.
You feel very sick.
You hear some strange, mumbled words.
A puff of flame appears from out of thin air!
The puff of flame misses you. Something hits you!
You are more poisoned.
You take 11 damage, and have 39/83 hp.
Spoiler Alert: The orc priest can smite you!
You completely miss something.
You feel very sick.
The orc priest looks satisfied for a moment.
Something hits you but does no damage.
You are more poisoned.
You take 5 damage, and have 34/83 hp.
Spoiler Alert: The orc priest can smite you!
You feel very sick. Something hits you.
You are lethally poisoned!
You take 9 damage, and have 25/83 hp.
* * * LOW HITPOINT WARNING * * *
You feel extremely sick. Something hits you.
* * * LOW HITPOINT WARNING * * *
You are more poisoned.
There is a stone staircase leading up here.
You take 9 damage, and have 16/83 hp.
Spoiler Alert: The orc priest can smite you!
* * * LOW HITPOINT WARNING * * *
You feel extremely sick. Something hits you but does no damage.
You are more poisoned.
You climb upwards.
Reactivating autopickup.
You die...

............# #.....#...#.....#
............# #....<'...#.....#
#'################..)######.....#
.....#...#.......#...###.....####
.....#...#.....#.......#.....#...
.....#.(.#.....#.......#.....'...
.....'...+.....#.......+.....#...
.....#...#.....#.......#.....#...
.....#####.....#@>.....#.....####
.....#...#.....#'#######.....#...
.....#...#.....#.......#.....#...
.....#...#.....#.......#.....#...
.....#...#.....#.......#.....#...
.....'...#.....'.......'.....#...
.....#+###.....#########.....####
......................#####......
......................#...+......


There were no monsters in sight!

Vanquished Creatures
  Grinder (D:4)
  An ice beast (D:6)
  A phantom (D:5)
  A bullfrog (D:5)
  A hound (D:5)
  A gnoll shaman (D:5)
  2 orc priests
  2 iguanas
  2 orc wizards (D:5)
  7 gnolls
  3 adders (D:5)
  An ufetubus (D:3)
  3 worms
  2 dart slugs
  2 orcs
  7 endoplasms
  A giant cockroach (D:1)
  2 goblins
  11 hobgoblins
  13 jackals
  4 quokkas
  4 ball pythons
  9 bats
  3 frilled lizards
  6 kobolds
  11 rats
101 creatures vanquished.

Notes
Turn   | Place    | Note
-------+----------+-------------------------------------------
     0 | D:1      | Mgcat the Ogre Fighter began the quest for the Orb.
     0 | D:1      | Reached XP level 1. HP: 24/24 MP: 1/1
   187 | D:1      | Reached XP level 2. HP: 20/32 MP: 2/2
   915 | D:1      | Reached XP level 3. HP: 40/40 MP: 3/3
  1010 | D:1      | Reached skill level 3 in Dodging
  1856 | D:2      | Reached skill level 3 in Axes
  1963 | D:2      | Reached XP level 4. HP: 31/49 MP: 4/4
  2134 | D:2      | Found a faded altar of an unknown god.
  2672 | D:3      | Found a hazy altar of Hepliaklqana.
  3559 | D:3      | Reached XP level 5. HP: 44/55 MP: 5/5
  3955 | D:4      | Found Loymn's Antique Armour Boutique.
  4001 | D:4      | Bought a glowing robe for 85 gold pieces
  4062 | D:4      | Noticed Grinder
  4066 | D:5      | Entered Level 5 of the Dungeon
  4066 | D:5      | Noticed a phantom
  4073 | D:5      | Killed a phantom
  4074 | D:5      | Reached skill level 5 in Fighting
  4074 | D:5      | Reached skill level 4 in Axes
  4074 | D:5      | Reached XP level 6. HP: 61/66 MP: 6/6
  4117 | D:5      | Found a staircase to the Ecumenical Temple.
  4130 | D:5      | Reached skill level 4 in Shields
  4137 | Temple   | Entered the Ecumenical Temple
  4529 | Temple   | Became a worshipper of Warmaster Okawaru
  4964 | D:5      | Gained mutation: Armour fits poorly on your strangely
                  | shaped body. [potion of mutation]
  4964 | D:5      | Gained mutation: You are partially covered in iridescent
                  | scales. (AC +2) [potion of mutation]
  4964 | D:5      | Gained mutation: Your body sometimes deteriorates upon
                  | taking damage. [potion of mutation]
  4964 | D:5      | Gained mutation: You passively dampen the noise of your
                  | surroundings. [potion of mutation]
  4965 | D:5      | Lost mutation: Your body sometimes deteriorates upon taking
                  | damage. [potion of mutation]
  4965 | D:5      | Lost mutation: You passively dampen the noise of your
                  | surroundings. [potion of mutation]
  4965 | D:5      | Gained mutation: You have sharp fingernails. [potion of
                  | mutation]
  5011 | D:5      | Reached skill level 1 in Invocations
  5011 | D:5      | Reached XP level 7. HP: 72/72 MP: 7/7
  5117 | D:4      | Identified the +7 chain mail of Free Expression {rN+}
  5154 | D:4      | HP: 18/72 [Grinder (6)]
  5157 | D:4      | Killed Grinder
  5158 | D:4      | Reached skill level 6 in Fighting
  5158 | D:4      | Reached skill level 5 in Axes
  5158 | D:4      | Reached skill level 4 in Dodging
  5414 | D:4      | Found an ancient bone altar of Kikubaaqudgha.
  6095 | D:6      | Reached skill level 2 in Invocations
  6136 | D:5      | HP: 18/75 [bullfrog (2)]
  6431 | D:6      | Reached XP level 8. HP: 50/83 MP: 9/9
  6434 | D:6      | HP: 17/83 [poisoned by an orc wizard]
  6435 | D:6      | HP: 8/83 [poisoned by an orc wizard]
  6436 | D:5      | Succumbed to an orc wizard's poison

Illustrated notes

Levels and vault maps discovered:
D:1:      dpeg_arrival_ratfight, layout_basic
D:2:      layout_basic, ebering_ecumenical_altar_abandoned
D:3:      layout_basic, mainiacjoe_overflow_24_doors
D:4:      layout_cave_pods, kennysheep_mini, serial_shops,
          nicolae_shop_statue_plus, uniq_grinder
D:5:      layout_gridville, minmay_temple_entry_drinking_statues
D:6:      layout_cave_pods, uniq_sigmund
Temple:   compressed_dpeg_triangle_lava_temple

Skill      XL: |  1  2  3  4  5  6  7 |
---------------+----------------------+-----
Dodging        | 3 4 |  4.3
Axes           | 3 4 5 |  5.6
Fighting       | 5 6 |  6.3
Shields        | 4 |  4.7
Invocations    | 1 2 |  2.2

Action                   |  1- 3 |  4- 6 |  7- 9 || total
-------------------------+-------+-------+-------++-------
Melee: War axe           |   117 |   128 |    47 ||   292
  Use: Potion            |       |     4 |     1 ||     5
       Scroll            |       |     8 |       ||     8
Armor: Robe              |    48 |    25 |     8 ||    81
Dodge: Dodged            |    52 |    70 |    18 ||   140
Block: Kite shield       |    54 |    51 |    26 ||   131

Table legend: (Time is in decaauts)
 A = Elapsed time spent in this place.
 B = Non-inter-level travel time spent in this place.
 C = Inter-level travel time spent in this place.
 D = Time resting spent in this place.
 E = Time spent auto-exploring this place.
 F = Levels seen in this place.
 G = Mean time per level.
                   A        B        C        D        E       F      G
               +--------+--------+--------+--------+--------+-----+--------+
         Total |   6567 |   6409 |    158 |   1321 |   4242 |   7 |  938.1 |
       Dungeon |   6159 |   6007 |    152 |   1321 |   3886 |   6 | 1026.5 |
        Temple |    408 |    402 |      6 |      0 |    356 |   1 |  408.0 |
               +--------+--------+--------+--------+--------+-----+--------+

Top non-repeatable levels by time:
     D:1: 1635 daAuts
     D:5: 1227 daAuts
     D:4: 1202 daAuts
     D:3: 1139 daAuts
     D:2: 885 daAuts
  Temple: 408 daAuts
     D:6: 68 daAuts

Table legend:
 A = Kills in this place as a percentage of kills in entire the game.
 B = Kills by you in this place as a percentage of kills by you in the entire game.
 C = Kills by friends in this place as a percentage of kills by friends in the entire game.
 D = Other kills in this place as a percentage of other kills in the entire game.
 E = Experience gained in this place as a percentage of experience gained in the entire game.
 F = Experience gained in this place divided by the number of levels of this place that you have seen.
                   A       B       C       D       E      F
               +-------+-------+-------+-------+-------+----------------------
         Total | 100.0 | 100.0 |   N/A |   N/A | 100.0 | 174.9
       Dungeon | 100.0 | 100.0 |   N/A |   N/A | 100.0 | 204.0
               +-------+-------+-------+-------+-------+----------------------
